 Dungeon Crawl Stone Soup version 0.24-a0-130-ga3c21ff (console) character file.

Game seed: 2201355549971296210

96 Duffy the Chopper (level 4, -1/39 HPs)
             Began as a Naga Gladiator on Feb 26, 2019.
             Slain by an adder (2 damage)
             ... on level 2 of the Dungeon.
             The game lasted 00:01:30 (1929 turns).

Duffy the Chopper (Naga Gladiator)                  Turns: 1929, Time: 00:01:30

Health: -1/39      AC:  6    Str: 16    XL:     4   Next: 67%
Magic:  4/4        EV:  5    Int: 10    God:
Gold:   88         SH:  0    Dex: 12    Spells: 3/3 levels left

rFire    . . .     SeeInvis +   a - +0 war axe
rCold    . . .     Gourm    .   (no shield)
rNeg     . . .     Faith    .   j - +0 chain mail
rPois    +         Spirit   .   c - +0 helmet
rElec    .         Reflect  .   (no cloak)
rCorr    +         Harm     .   (no gloves)
MR       .....                  (no barding)
Stlth    ..........             (no amulet)
HPRegen  0.13/turn              m - ring of resist corrosion
MPRegen  0.09/turn              (no ring)

@: short of breath, very slow
A: large, see invisible, deformed body, poison resistance, slowness 2, slow
metabolism 1, spit poison 1, AC +1
a: Spit Poison


You were on level 2 of the Dungeon.
You were not hungry.

You visited 1 branch of the dungeon, and saw 2 of its levels.

You collected 88 gold pieces.

Inventory:

Hand Weapons
 a - a +0 war axe (weapon)
Missiles
 d - 3 throwing nets (quivered)
Armour
 c - a +0 helmet (worn)
 j - a +0 chain mail (worn)
Jewellery
 m - a ring of resist corrosion (left hand)
Scrolls
 e - a scroll of magic mapping {unknown}
 g - a scroll of remove curse {unknown}
 h - a scroll of noise {unknown}
 k - a scroll of amnesia {unknown}
 l - a scroll of identify {unknown}
Potions
 b - a potion of degeneration {unknown}
 i - a potion of haste {unknown}
 n - 2 potions of flight {unknown}
Comestibles
 f - 2 rations
 o - 2 chunks of flesh


   Skills:
 - Level 2.0 Fighting
 + Level 5.3 Axes
 - Level 1.7 Throwing
 - Level 2.4 Dodging


You had 3 spell levels left.
You didn't know any spells.
Your spell library was empty.

Dungeon Overview and Level Annotations

Branches:
Dungeon (2/15)

Altars:


Innate Abilities, Weirdness & Mutations

You cannot wear boots.
Your serpentine skin is tough. (AC +1)
You have supernaturally acute eyesight. (SInv)
Armour fits poorly on your strangely shaped body.
Your system is resistant to poisons. (rPois)
You cover ground very slowly.
You have a slow metabolism.
You can spit poison.


Message History

The adder is moderately wounded.
You have got your breath back.
The adder bites you but does no damage.
You closely miss the adder.
The adder is moderately wounded.
The adder bites you. x2
Press: ? - help, Shift-Dir - straight line, f - adder
Aim: an adder (lightly wounded)
The splash of poison misses the adder.
You feel slightly more hungry. The adder bites you.
You closely miss the adder.
The adder is lightly wounded.
The adder bites you but does no damage. The adder bites you.
You hit the adder.
The adder is heavily wounded.
The adder bites you.
You closely miss the adder.
The adder is heavily wounded.
The adder bites you.
You die...

########.###..#####
##.....#.# ##.....#
##[.......## #####.#
#(.........# ##%#####.
#..........# ##.........
#..........# #..######..
#..........# #.## ..
#..........#####.# ...
##............##@# ...#
#...........#.##S###.....
#.........#...#..#...#..#
##)........###..........#
...%.......###.....[..###
.(<...................#
.....)..)........##....#
...#.....#)#.##.## ###...
...#######......# ....


You could see an adder.

Vanquished Creatures
  Natasha (twice) (D:2)
  3 dart slugs
  A leopard gecko (D:1)
  A giant cockroach (D:1)
  7 goblins
  7 hobgoblins
  3 kobolds
  5 bats
  8 frilled lizards
  4 rats
41 creatures vanquished.

Notes
Turn   | Place    | Note
-------+----------+-------------------------------------------
     0 | D:1      | Duffy the Naga Gladiator began the quest for the Orb.
     0 | D:1      | Reached XP level 1. HP: 19/19 MP: 1/1
   330 | D:1      | Reached XP level 2. HP: 26/26 MP: 2/2
   945 | D:1      | Reached skill level 4 in Axes
  1097 | D:1      | Reached XP level 3. HP: 10/32 MP: 3/3
  1825 | D:2      | Noticed Natasha
  1830 | D:2      | Killed Natasha
  1830 | D:2      | Reached XP level 4. HP: 35/39 MP: 4/4
  1891 | D:2      | Noticed Natasha
  1908 | D:2      | Reached skill level 5 in Axes
  1919 | D:2      | Killed Natasha
  1928 | D:2      | HP: 1/39 [adder (1)]
  1929 | D:2      | Slain by an adder

Levels and vault maps discovered:
D:1:      dpeg_chamrin_arrival_tetris, layout_basic
D:2:      layout_rooms, elyvilon_altar_1, uniq_terence, uniq_natasha

Skill      XL: |  1  2  3  4 |
---------------+-------------+-----
Axes           | 4 5 |  5.3
Fighting       | |  2.0
Throwing       | |  1.7
Dodging        | |  2.4

Action                   |  1- 3 |  4- 6 || total
-------------------------+-------+-------++-------
Melee: War axe           |    94 |    33 ||   127
 Abil: Spit Poison       |       |     5 ||     5
  Eat: Chunk             |     2 |       ||     2
Armor: Ring mail         |    22 |       ||    22
       Chain mail        |    17 |    21 ||    38
Dodge: Dodged            |    37 |     9 ||    46

Table legend:
 A = Non-vault XP
 B = Vault XP
 C = Vault XP percentage of total XP
 D = Non-vault monster count
 E = Vault monster count
 F = Vault count percentage of total count
                 A         B        C        D         E       F
            +---------+---------+-------+---------+---------+-------
      Total |     102 |      36 |  26.1 |      40 |       1 |   2.4
            +---------+---------+-------+---------+---------+-------
        D:1 |      45 |       0 |   0.0 |      25 |       0 |   0.0
        D:2 |      57 |      36 |  38.7 |      15 |       1 |   6.2
            +---------+---------+-------+---------+---------+-------
